 Dungeon Crawl Stone Soup version 0.19.0-2-gae57169 (webtiles) character file.

653 Dioneo the Ruffian (level 7, -4/70 HPs)
             Began as a Troll Monk on Nov 6, 2016.
             Killed from afar by Dowan (15 damage)
             ... with a shard of ice
             ... on level 4 of the Dungeon.
             The game lasted 00:09:44 (2755 turns).

Dioneo the Ruffian (Troll Monk)                     Turns: 2755, Time: 00:09:45

Health: -4/70      AC:  5    Str: 21    XL:     7   Next: 29%
Magic:  6/6        EV: 11    Int:  6    God:
Gold:   149        SH:  0    Dex: 13    Spells: 0 memorised, 6 levels left

rFire  . . .     SeeInvis .       - Unarmed
rCold  . . .     Gourm    +     v - +0 robe (curse)
rNeg   . . .     Faith    .     (no shield)
rPois  .         Spirit   .     (helmet restricted)
rElec  .         Reflect  .     (no cloak)
rCorr  .         Harm     .     (gloves unavailable)
MR     .....                    (boots unavailable)
Stlth  ++........               (no amulet)
                                (no ring)
                                (no ring)

@: no status effects
A: unfitting armour, claws 3, fast metabolism 3, gourmand, regeneration 1,
shaggy fur 1, tough skin 2
a: no special abilities


You were on level 4 of the Dungeon.
You were very full.

You visited 1 branch of the dungeon, and saw 4 of its levels.

You collected 149 gold pieces.

Inventory:

Hand Weapons
 r - a +0 blowgun
Missiles
 o - 2 steel tomahawks (quivered)
 s - 15 poisoned needles
 t - 7 tomahawks
Armour
 v - a cursed +0 robe (worn)
Scrolls
 c - 2 scrolls of recharging {unknown}
 f - 4 scrolls of remove curse
 g - 2 scrolls of magic mapping {unknown}
 j - a scroll of amnesia {unknown}
 m - 2 scrolls of fear {unknown}
 n - 2 scrolls of blinking {unknown}
 p - 3 scrolls of teleportation {unknown}
 q - a scroll of noise {unknown}
 u - a scroll of enchant weapon {unknown}
Potions
 k - a potion of heal wounds
 l - 2 potions of flight
Comestibles
 a - a slice of pizza
 b - 2 bread rations
 d - 2 beef jerkies
 i - 3 meat rations


   Skills:
 + Level 4.1 Fighting
 + Level 4.2 Dodging
 - Level 1.0 Stealth
 * Level 6.2 Unarmed Combat


You had 6 spell levels left.
You didn't know any spells.

Dungeon Overview and Level Annotations

Branches:
Dungeon (4/15)
 Temple: D:4-7

Altars:
Cheibriados
Yredelemnul

Annotations:
D:4 Dowan


Innate Abilities, Weirdness & Mutations

You are too large for most types of armour.
You have claws for hands.
Your metabolism is lightning-fast.
You like to eat raw meat.
Your natural rate of healing is unusually fast.
You are covered in fur. (AC +1)
You have very tough skin. (AC +2)


Message History

The shard of ice hits you!
* * * LOW HITPOINT WARNING * * *
It was a potion of heal wounds.
You feel much better. Dowan misses you. The ogre misses you.
Dowan hits you with a dagger of speed.
You barely miss the ogre.
The ogre is severely wounded.
Dowan says, "Magic will overcome all!"
Dowan hits you but does no damage. The ogre closely misses you.
Dowan hits you but does no damage.
You scratch the ogre.
The ogre is almost dead.
Dowan hits you but does no damage.
You scratch the ogre but do no damage.
The ogre is almost dead.
Dowan casts a spell.
The ogre hits you with a giant club!!
* * * LOW HITPOINT WARNING * * *
Dowan gestures at you while chanting. The shard of ice hits you!
You die...

#..>....# .?
#.......# .< ###
#.......# #. #...
#.......# #e ##..#
#.......### #.##...#
#.........## #....#
#.......#..####...#
#.......##..###O#.#
###########..e@.#...
####..# ##.. #.## .#
### .


You could see an ogre and Dowan.

Vanquished Creatures
  Edmund (D:4)
  Duvessa (D:4)
  Blork the orc (D:4)
  2 orc wizards (D:3)
  3 orc priests (D:3)
  6 gnolls
  6 adders
  A worm (D:4)
  A dart slug (D:3)
  2 leopard geckos (D:3)
  11 orcs (D:3)
  4 giant cockroaches
  6 goblins
  7 hobgoblins
  12 jackals
  15 kobolds
  3 quokkas
  2 ball pythons (D:3)
  A ball python skeleton (D:4)
  5 bats
  7 frilled lizards
  A jackal skeleton (D:4)
  5 rats
103 creatures vanquished.

Notes
Turn   | Place    | Note
-------+----------+-------------------------------------------
     0 | D:1      | Dioneo the Troll Monk began the quest for the Orb.
     0 | D:1      | Reached XP level 1. HP: 22/22 MP: 0/0
   159 | D:1      | Reached XP level 2. HP: 29/29 MP: 1/1
   635 | D:2      | Reached XP level 3. HP: 36/36 MP: 2/2
   868 | D:2      | Reached skill level 4 in Unarmed Combat
   868 | D:2      | Reached XP level 4. HP: 41/44 MP: 3/3
  1646 | D:3      | Reached XP level 5. HP: 49/53 MP: 4/4
  1823 | D:3      | Found a basalt altar of Yredelemnul.
  1839 | D:3      | Reached skill level 5 in Unarmed Combat
  1839 | D:3      | Reached XP level 6. HP: 60/61 MP: 5/5
  2249 | D:4      | Noticed Blork the orc
  2258 | D:4      | Killed Blork the orc
  2334 | D:4      | Found a snail-covered altar of Cheibriados.
  2335 | D:4      | Noticed Edmund
  2344 | D:4      | Killed Edmund
  2344 | D:4      | Reached XP level 7. HP: 68/68 MP: 6/6
  2600 | D:4      | Noticed Duvessa
  2623 | D:4      | Killed Duvessa
  2623 | D:4      | Reached skill level 6 in Unarmed Combat
  2740 | D:4      | Noticed Dowan
  2755 | D:4      | Killed from afar by Dowan

Skill      XL: |  1  2  3  4  5  6  7 |
---------------+----------------------+-----
Unarmed Combat | 4 5 6 |  6.2
Dodging        | 3 4 |  4.2
Fighting       | 3 4 |  4.1
Stealth        | |  1.0

Action                   |  1- 3 |  4- 6 |  7- 9 || total
-------------------------+-------+-------+-------++-------
Melee: Unarmed           |    89 |   151 |    44 ||   284
       Punch             |       |     3 |       ||     3
  Use: Scroll            |       |     4 |       ||     4
       Potion            |       |     4 |     1 ||     5
 Stab: Sleeping          |     3 |     1 |       ||     4
  Eat: Chunk             |     9 |    18 |     3 ||    30
Armor: Robe              |    35 |    53 |     7 ||    95
Dodge: Dodged            |    40 |   108 |    20 ||   168
